 Dungeon Crawl Stone Soup version 0.28.0-45-g0d030f2227 (webtiles) character file.

Game seed: 6100822513680251556

10 jimonade the Magician (level 2, -2/21 HPs)
             Began as a Djinni Hedge Wizard on Apr 6, 2022.
             Slain by a jackal (3 damage)
             ... on level 1 of the Dungeon.
             The game lasted 00:01:24 (525 turns).

jimonade the Magician (Djinni Hedge Wizard)          Turns: 525, Time: 00:01:24

Health: -2/21      AC:  2    Str:  9    XL:     2   Next: 30%
Gold:   30         EV: 12    Int: 15    God:
                   SH:  0    Dex: 12

rFire   + + .      SeeInvis .   a - +0 dagger
rCold   x . .      Faith    .   (no shield)
rNeg    . . .      Spirit   .   b - +0 robe
rPois   ∞          Reflect  .   c - +0 hat
rElec   .          Harm     .   (no cloak)
rCorr   .          Rampage  .   (no gloves)
Will    .....                   (boots unavailable)
Stlth   ++........              (no amulet)
HPRegen 0.07/turn               (no ring)
MPRegen 0.00/turn               (no ring)

@: flying
A: sickness immunity, fire resistance 2, cold vulnerability 1, float, innate
caster, HP casting, extra vitality 1
a: no special abilities


You were on level 1 of the Dungeon.
You visited 1 branch of the dungeon, and saw 1 of its levels.

You collected 30 gold pieces.

Inventory:

Hand Weapons
 a - a +0 dagger (weapon)
Missiles
 e - 21 sling bullets
 g - 3 javelins
Armour
 b - a +0 robe (worn)
 c - a +0 hat (worn)
Scrolls
 d - a scroll of blinking {unknown}
 h - a scroll of noise {unknown}
Potions
 f - a potion of heal wounds {unknown}


   Skills:
 * Level 0.1 Fighting
 - Level 2.2 Dodging
 - Level 1.5 Stealth
 * Level 2.8 Spellcasting


You couldn't memorise any spells.
You knew the following spells:

 Your Spells              Type           Power      Damage    Failure   Level
a - Magic Dart            Conj           40%        1d5       6%          1
b - Blink                 Tloc           20%        N/A       10%         2
c - Call Imp              Summ           10%        N/A       10%         2
d - Slow                  Hex            40%        N/A       6%          1
e - Conjure Flame         Conj/Fire      10%        6-21      19%         3
f - Mephitic Cloud        Conj/Pois/Air  10%        N/A       19%         3
Your spell library was empty.

Dungeon Overview and Level Annotations

Branches:
Dungeon (1/15)

Altars:

Shops:
D:1 *


Innate Abilities, Weirdness & Mutations

You are immune to sickness and miasma.
You are immune to poison.
Your flesh is very heat resistant. (rF++)
You are vulnerable to cold. (rC-)
You float through the air rather than walking.
You learn spells naturally, not from books.
Your magical power is your life essence.
You have superior vitality. (+4 MHP)


Message History

The jackal closely misses you. The jackal barely misses you.
Casting: Magic Dart (safe; 6% risk of failure)
Confirm with . or Enter, or press ? or * to list all spells.
Aiming: Magic Dart (safe; 6% risk of failure)
Press: ? - help, Shift-Dir - straight line, f/p - jackal
Aim: a jackal (severely wounded, 100% to hit)
The magic dart hits the jackal.
The jackal is almost dead.
* * * LOW HITPOINT WARNING * * *
The jackal bites you.
* * * LOW HITPOINT WARNING * * *
Casting: Magic Dart (safe; 6% risk of failure)
Confirm with . or Enter, or press ? or * to list all spells.
A beastly little devil appears in a puff of flame.
* * * LOW HITPOINT WARNING * * *
The jackal closely misses you. x2
Unknown command.
Unknown command.
Your crimson imp hits the jackal.
The jackal dies!
Your crimson imp barely misses the jackal.
Your magical contamination has completely faded away.
What are your orders? t - Shout!
Orders for allies: a - Attack new target. r - Retreat! s - Stop attacking. g - Guard the area. f - Follow me.
Anything else - Cancel.
Gang up on whom?
Press: ? - help, Dir - move target, f - jackal
Aim: a jackal (ally target) Attack!
The jackal bites you.
* * * LOW HITPOINT WARNING * * *
You completely miss the jackal.
The jackal bites you but does no damage.
You barely miss the jackal.
Your crimson imp closely misses the jackal.
The jackal bites you but does no damage.
You closely miss the jackal. The jackal bites you.
You die...

.....................##
.######.##.##.######..##
## ..##...##.....##..##
# .##..#..##.###.##..##
.##...##..##.###.##..##
.##....
##..##.....##..##
###....#
##..######.##..# ...#..#
##............# .
....#..# ##@#########.#
# #. #.. #.h########..#
#.##.####.5.........##
#>.....††.....#######
...#...##.....#
#.#..####.### #...#.# .#
#..∩..## ## ...#...#


You could see a jackal (ally target) and a friendly crimson imp (summoned).

Vanquished Creatures
  A goblin (D:1)
  A hobgoblin (D:1)
  2 jackals (D:1)
  2 quokkas (D:1)
  A ball python (D:1)
7 creatures vanquished.

Vanquished Creatures (collateral kills)
  A jackal (D:1)
1 creature vanquished.

Grand Total: 8 creatures vanquished

Notes
Turn   | Place    | Note
-------+----------+-------------------------------------------
     0 | D:1      | jimonade the Djinni Hedge Wizard began the quest for the
                  | Orb.
     0 | D:1      | Reached XP level 1. HP: 15/15 MP: 0/0
   460 | D:1      | Found Quatom's Assorted Antiques.
   463 | D:1      | Reached XP level 2. HP: 18/21 MP: 0/0
   522 | D:1      | HP: 1/21 [jackal (1)]
   525 | D:1      | Slain by a jackal

Illustrated notes

Levels and vault maps discovered:
D:1:      ebering_trefoil_twist, layout_rooms, serial_shops,
          nicolae_diamond_shop, minmay_parallelograms

Action                   || total
-------------------------++-------
Melee: Dagger            ||     3
 Cast: Magic Dart        ||    22
       Call Imp          ||     1
Armor: Robe              ||     2
Dodge: Dodged            ||     9
